 Dungeon Sprint DCSS version 0.30.1-4-g462c640d31 (webtiles) character file.

Game seed: 12906985920571804052

1503 Heoruswealwe the Imperceptible (level 8, -4/40 HPs)
             Began as a Spriggan Artificer on Sept 18, 2023.
             Was an Initiate of Gozag.
             Slain by a +0 dire flail of protection (20 damage)
             ... in the Dungeon (Sprint V: "Ziggurat Sprint").
             The game lasted 00:11:39 (320 turns).

Heoruswealwe the Imperceptible (Spriggan Artificer)  Turns: 320, Time: 00:11:40

Health: -4/40      AC: 16    Str:  8    XL:     8   Next: 52%
Magic:  9/9        EV:  9    Int: 13    God:    Gozag
Gold:   666        SH:  0    Dex: 29    Spells: 7/7 levels left

rFire   . . .        a - +5 quick blade
rCold   . . .        (no shield)
rNeg    . . .        c - +5 shadow dragon scales
rPois   .            (helmet restricted)
rElec   .            (no cloak)
rCorr   .            (gloves unavailable)
SInv    +            (boots unavailable)
Will    +....        (no amulet) Stlth *+++++++++
                     h - +6 ring of dexterity
HPRegen 0.26/turn    i - +6 ring of dexterity
MPRegen 0.11/turn

%: no teleportation
@: mighty, gold aura, hasted, very quick
A: very small, no large weapons, unfitting armour, see invisible, speed 3
a: Renounce Religion, Potion Petition, Call Merchant, Bribe Branch


You were in the Dungeon.
You worshipped Gozag.
Gozag was pleased with you.
You visited 1 branch You collected 666 gold pieces.

Inventory:

Hand Weapons
 a - a +5 quick blade (weapon)
Armour
 c - +5 shadow dragon scales (worn)
Jewellery
 h - a +6 ring of dexterity (left hand)
 i - a +6 ring of dexterity (right hand)
 w - a ring of flight
Wands
 d - a wand of charming (25)
 e - a wand of iceblast (12)
 u - a wand of mindburst (7)
 v - a wand of acid (7)
 E - a wand of flame (28) (quivered)
Scrolls
 k - 4 scrolls of blinking
 s - 5 scrolls of identify
Potions
 f - 10 potions of curing
 g - 4 potions of heal wounds
 m - 2 potions of invisibility
 n - 4 potions of resistance
 p - 4 potions of might
 x - 5 potions of haste


   Skills:
 + Level 3.0 Fighting
 + Level 3.7 Short Blades
 + Level 5.7 Dodging
 + Level 26.0 Stealth
 - Level 4.0 Evocations


You had 7 spell levels left.
You didn't know any spells.
Your spell library contained the following spells:

 Spells                   Type           Power      Damage    Failure   Level
 Blink                    Tloc           0%         N/A       100%        2
 Lesser Beckoning         Tloc           0%         N/A       100%        2
 Momentum Strike          Conj/Tloc      0%         3d8       100%        2
 Summon Guardian Golem    Hex/Summ       0%         N/A       100%        3
 Orb of Destruction       Conj           0%         9d5       100%        7
 Spellforged Servitor     Conj/Summ      0%         N/A       100%        7


Dungeon Overview and Level Annotations

Branches:
Dungeon (1/1)

Altars:
Ashenzari
Cheibriados
Dithmenos
Elyvilon
Fedhas
Gozag
Hepliaklqana
Kikubaaqudgha
Makhleb
Nemelex Xobeh
Okawaru
Qazlal
Ru
Sif Muna
Trog
Uskayaw
Vehumet
Wu Jian
Xom
Yredelemnul
Zin
The Shining One
Jiyva
Lugonu

Annotations:
D 1 transporter


Innate Abilities, Weirdness & Mutations

You are very small and have problems with some larger weapons.
You are too small for most types of armour.
You have supernaturally acute eyesight. (SInv)
You cover ground extremely quickly. (Speed+++)


Message History

The deep elf archer barely misses you.
The deep elf zephyrmancer hits you but does no damage.
You closely miss the deep elf zephyrmancer.
The deep elf zephyrmancer is heavily wounded.
The +0 dire flail of protection hits you but does no damage.
You puncture the deep elf zephyrmancer!
The deep elf zephyrmancer is almost dead.
The deep elf archer hits you with a +0 dagger!
* * * LOW HITPOINT WARNING * * *
The deep elf zephyrmancer is distracted by your dazzling golden aura.
The +0 dire flail of protection closely misses you.
The deep elf zephyrmancer shouts!
You puncture the deep elf zephyrmancer!
You kill the deep elf zephyrmancer!
Your Fighting skill gained 3 levels and is now at level 3!
Your Short Blades skill gained 3 levels and is now at level 3!
Your Dodging skill gained 2 levels and is now at level 5!
Your Stealth skill increases to level 26!
You feel much better.
The +0 dire flail of protection closely misses you.
The deep elf archer is distracted by your dazzling golden aura.
The deep elf archer shouts!
You closely miss the deep elf archer.
The deep elf archer is no longer distracted by gold.
The deep elf archer is moderately wounded.
The +0 dire flail of protection hits you.
You hit the deep elf archer.
The deep elf archer is heavily wounded.
The deep elf archer hits you but does no damage.
You closely miss the deep elf archer.
The deep elf archer is heavily wounded.
The +0 dire flail of protection hits you!!
You miss the deep elf archer.
The deep elf archer is heavily wounded.
You closely miss the deep elf archer.
The deep elf archer is heavily wounded.
The +0 dire flail of protection hits you!!
Ouch! That really hurt!
You die...
Your body crumbles into a pile of gold.

▓..)..▓.....▓.).).▓
▓.....▓.....▓.....▓
▓.....▓.....▓.....▓
▓.....▓.....▓..©..▓
▓..©..▓..©..▓▓▓▓▓▓▓
▓▓▓▓▓▓▓▓▓▓▓▓▓▓▓▓▓▓▓
▓..8©8...▓..8©8...▓
▓..)))...▓..|(e...▓
▓...)....▓..$@$...▓
▓........▓........▓
▓........▓........▓
▓.▓....▓.▓........▓
▓...©....▓...©....▓
▓▓▓▓▓▓▓▓▓▓▓▓▓▓▓▓▓▓▓


You could see a deep elf archer (repels missiles) and a +0 dire flail of
protection.

Vanquished Creatures
  2 deep elf zephyrmancers (D)
  A spriggan (D)
  A fire elemental (D)
  2 black bears (D)
  A wolf (D)
  An orc priest (D)
  An orc wizard (D)
  4 orcs (D)
  A bat skeleton (D)
  A bat zombie (D)
  A jackal zombie (D)
16 creatures vanquished.

Notes
Turn   | Place    | Note
-------+----------+-------------------------------------------
     0 | D        | Heoruswealwe the Spriggan Artificer began the quest for the
                  | Orb.
     0 | D        | Reached XP level 1. HP: 9/9 MP: 2/2
     0 | D        | Found a shimmering blue altar of Sif Muna.
     0 | D        | Found a sacrificial altar of Ru.
     0 | D        | Found a bloodstained altar of Trog.
     0 | D        | Found a stormy altar of Qazlal.
     0 | D        | Found an iron altar of Okawaru.
     0 | D        | Found a sparkling altar of Nemelex Xobeh.
     0 | D        | Found a blossoming altar of Fedhas.
     0 | D        | Found the +6 Majin-Bo {spellvamp, MP+6 Int+6}
     0 | D        | Found the +27 heavy crossbow "Sniper" {heavy, Acc+∞ SInv}
     0 | D        | Found the +10 dark maul {heavy}
     0 | D        | Found the +15 Maxwell's patent armour {-Cast -Tele rElec
                  | Will+ rCorr}
     0 | D        | Found the +18 shield of the Gong {Loud rN+ Will+ rCorr
                  | EV-5}
     0 | D        | Found the +16 obsidian axe {drain, demonic, Mesm Drain Fly
                  | SInv}
     0 | D        | Found the +7 great mace "Firestarter" {flame, immolate,
                  | rFlCloud rF++}
     0 | D        | Found the +6 shillelagh "Devastator" {shatter}
     0 | D        | Found the +11 plutonium sword {Contam Stlth-}
     0 | D        | Found the +8 lance "Wyrmbane" {slay drac, rPois rF+ rC+
                  | AC+3}
     0 | D        | Found the +9 sword of Zonguldrok {reap}
     0 | D        | Found the +13 scythe of Curses {drain, curses, Drain}
     0 | D        | Found the +9 sword of Power {lifebolt}
     0 | D        | Found the +7 mace of Variability {chaos, chaos arc}
     0 | D        | Found the +11 Singing Sword {sonic wave}
     0 | D        | Found the +8 storm bow {elec, penet}
     2 | D        | Found a transporter.
     2 | D        | Found an ancient bone altar of Kikubaaqudgha.
     2 | D        | Found a viscous altar of Jiyva.
     2 | D        | Found a corrupted altar of Lugonu.
     2 | D        | Found a hazy altar of Hepliaklqana.
     2 | D        | Found a burning altar of Makhleb.
     2 | D        | Found an opulent altar of Gozag.
    66 | D        | Reached skill level 11 in Stealth
    66 | D        | Reached XP level 2. HP: 14/14 MP: 3/3
    84 | D        | Became a worshipper of Gozag Ym Sagoz the Greedy
    92 | D        | Entered arena 2.
    92 | D        | Found a transporter.
    96 | D        | Reached skill level 12 in Stealth
    96 | D        | Reached XP level 3. HP: 17/17 MP: 4/4
   108 | D        | Entered arena 3.
   108 | D        | Found a transporter.
   114 | D        | Reached skill level 13 in Stealth
   131 | D        | Entered arena 4.
   131 | D        | Noticed a wolf
   131 | D        | Noticed a black bear
   131 | D        | Noticed a black bear
   131 | D        | Noticed a spriggan
   131 | D        | Found a transporter.
   135 | D        | Killed a spriggan
   136 | D        | Reached skill level 17 in Stealth
   136 | D        | Reached XP level 4. HP: 21/21 MP: 5/5
   136 | D        | Reached XP level 5. HP: 25/25 MP: 6/6
   144 | D        | Killed a black bear
   145 | D        | Reached skill level 19 in Stealth
   145 | D        | Reached XP level 6. HP: 8/29 MP: 7/7
   156 | D        | Reached skill level 20 in Stealth
   167 | D        | Reached skill level 21 in Stealth
   267 | D        | Entered arena 5.
   267 | D        | Found a transporter.
   276 | D        | Reached skill level 22 in Stealth
   292 | D        | Entered arena 6.
   292 | D        | Noticed a deep elf zephyrmancer
   292 | D        | Noticed a +0 dire flail of protection
   292 | D        | Noticed a deep elf archer
   292 | D        | Noticed a deep elf zephyrmancer
   292 | D        | Noticed a fire elemental
   292 | D        | Found a transporter.
   296 | D        | Killed a fire elemental
   297 | D        | Reached skill level 23 in Stealth
   297 | D        | Reached XP level 7. HP: 32/32 MP: 8/8
   297 | D        | Killed a deep elf zephyrmancer
   298 | D        | Reached skill level 25 in Stealth
   298 | D        | Reached XP level 8. HP: 37/37 MP: 9/9
   314 | D        | Killed a deep elf zephyrmancer
   315 | D        | Reached skill level 5 in Dodging
   315 | D        | Reached skill level 26 in Stealth
   320 | D        | Slain by a +0 dire flail of protection

Illustrated notes

Levels and vault maps discovered:
D:        sprint_v [room_start, room_1, room_2, room_3, room_4, room_5, room_6,
          room_7, room_8, room_9, room_10, room_11, room_12, room_13, room_14,
          room_15, room_16, room_17, room_18, room_19, room_20, room_21,
          room_22, room_23, room_24, room_25, room_26, room_27]

Skill      XL: |  1  2  3  4  5  6  7  8 |
---------------+-------------------------+-----
Stealth        | 11 12 17 19 23 25 26 | 26.0
Fighting       | 3 |  3.0
Short Blades   | 3 |  3.7
Dodging        | 5 |  5.7
Evocations     | |  4.0

Action                     |  1- 3 |  4- 6 |  7- 9 || total
---------------------------+-------+-------+-------++-------
  Melee: Quick blade       |     9 |    34 |    17 ||    60
    Use: Potion            |     1 |     2 |     6 ||     9
   Stab: Sleeping          |     4 |     5 |     1 ||    10
 Armour: Shadow dragon sca |     7 |    39 |    10 ||    56
  Dodge: Dodged            |     3 |    40 |    12 ||    55
